 Dungeon Crawl Stone Soup version 0.28-a0-932-g843f935a50 (webtiles) character file.

Game seed: 3584263646599246973

116 browni3141 the Conjurer (level 4, 0/33 HPs)
             Began as a Demigod Conjurer on Nov 28, 2021.
             Slain by a hobgoblin (1 damage)
             ... on level 3 of the Dungeon.
             The game lasted 00:06:56 (2784 turns).

browni3141 the Conjurer (Demigod Conjurer)          Turns: 2784, Time: 00:06:57

Health: 0/33       AC:  3    Str: 14    XL:     4   Next: 43%
Magic:  4/9        EV: 12    Int: 24    God:
Gold:   131        SH:  0    Dex: 12    Spells: 1/7 levels left

rFire   + . .      SeeInvis .   k - staff of conjuration
rCold   + . .      Faith    .   (no shield)
rNeg    . . .      Spirit   .   a - +0 robe
rPois   .          Reflect  .   (no helmet)
rElec   .          Harm     .   d - scarf {rC+ rF+}
rCorr   .          Rampage  .   j - +0 pair of gloves
Will    .....                   (no boots)
Stlth   ++........              (no amulet)
HPRegen 0.11/turn               i - +6 ring of strength
MPRegen 0.11/turn               (no ring)

@: no status effects
A: high mp 1, forlorn
a: no special abilities


You were on level 3 of the Dungeon.
You visited 1 branch of the dungeon, and saw 3 of its levels.

You collected 131 gold pieces.

Inventory:

Hand Weapons
 c - a +0 club
 m - a +1 dagger of flaming
Armour
 a - a +0 robe (worn)
 d - a scarf of resistance (worn)
 f - a +0 chain mail
 j - a +0 pair of gloves (worn)
Magical Staves
 k - a staff of conjuration (weapon)
Jewellery
 i - a +6 ring of strength (left hand)
Wands
 o - a wand of flame (17)
Scrolls
 h - 3 scrolls of identify
 n - a scroll of teleportation
Potions
 b - a potion of invisibility {unknown}
 e - a potion of degeneration {unknown}
 g - a potion of resistance {unknown}
 l - a potion of curing {unknown}


   Skills:
 - Level 1.7 Dodging
 - Level 1.7 Stealth
 * Level 2.1 Spellcasting
 * Level 5.4 Conjurations


You had one spell level left.
You knew the following spells:

 Your Spells              Type           Power      Damage    Failure   Level
a - Magic Dart            Conj           100%       1d8       1%          1
b - Searing Ray           Conj           86%        2d7       1%          2
c - Dazzling Flash        Conj/Hex       46%        N/A       12%         3

Your spell library contained the following spells:

 Spells                   Type           Power      Damage    Failure   Level
 Fulminant Prism          Conj/Hex       11%        3d9       36%         4
 Iskenderun's Mystic Bla  Conj/Tloc      23%        2d6       36%         4


Dungeon Overview and Level Annotations

Branches:
Dungeon (3/15)

Annotations:
D:3 Grinder


Innate Abilities, Weirdness & Mutations

Your attributes grow dramatically as you level up.
You have an increased reservoir of magic. (+10% MP)
You shall have no god before yourself.


Message History

The orc priest is almost dead.
Unknown command.
The searing ray hits the orc priest.
You kill the orc priest!
A kobold comes into view. It is wielding a +0 dagger.
Your Spellcasting skill increases to level 2!
Unknown command.
Casting: Searing Ray (safe; 1% risk of failure)
Confirm with . or Enter, or press ? or * to list all spells.
Restarting spell: Searing Ray (safe; 1% risk of failure)
Press: ? - help, Shift-Dir - straight line, f - orc
Aim: an orc, wielding a +2 vampiric whip and wearing a +0 scale mail (84% to hit)
You feel a surge of power!
The searing ray hits the orc.
The orc is severely wounded. (Press . to maintain the ray.)
The orc barely misses you.
The searing ray hits the orc.
You kill the orc!
Unknown command.
An endoplasm comes into view.
An orc priest comes into view. It is wielding a +0 dagger.
Unknown command.
The orc priest invokes the aid of Beogh against you.
Beogh smites you!
The orc priest begins to cast a cantrip, but forgets the words!
The orc priest invokes the aid of Beogh against you.
Beogh smites you!
* * * LOW HITPOINT WARNING * * *
Okay, then.
Found 14 gold pieces.
A hobgoblin comes into view.
The hobgoblin shouts!
A giant cockroach comes into view.
The hobgoblin barely misses you.
The orc priest calls down the wrath of Beogh upon you.
Beogh smites you!
* * * LOW HITPOINT WARNING * * *
There is a stone staircase leading down here.
The hobgoblin hits you.
You die...

#..............#
#.......<...##. .#
#.>.........# .#
######.##.#.# #B####.
#.##.#.# ......
#.##.#.# ....# #......#
###....##
##.....###.g.....#
##.........@....$#
######......###.......#
................#...###
######...###........# #
##.## #..#.##### # #.#
#..#.# # #)#
#o.#.####### # #.#
#........... # #.#
#...........


You could see an orc priest, a giant cockroach and a hobgoblin.

Vanquished Creatures
  An orc priest (D:3)
  4 adders
  3 dart slugs
  6 orcs (D:3)
  2 ball pythons
  2 bats (D:2)
  3 endoplasms
  4 goblins
  3 hobgoblins
  3 quokkas
  A frilled lizard (D:1)
  6 kobolds (D:1)
  A rat (D:2)
39 creatures vanquished.

Notes
Turn   | Place    | Note
-------+----------+-------------------------------------------
     0 | D:1      | browni3141 the Demigod Conjurer began the quest for the
                  | Orb.
     0 | D:1      | Reached XP level 1. HP: 14/14 MP: 5/5
   282 | D:1      | Reached skill level 4 in Conjurations
   555 | D:1      | Reached XP level 2. HP: 20/20 MP: 4/7
   558 | D:1      | Learned a level 2 spell: Searing Ray
  1378 | D:2      | Reached XP level 3. HP: 26/26 MP: 3/8
  1992 | D:3      | Noticed Grinder
  1999 | D:3      | Paralysed by Grinder for 2 turns
  2311 | D:3      | Noticed a bullfrog
  2528 | D:3      | Reached skill level 5 in Conjurations
  2673 | D:3      | Reached XP level 4. HP: 32/33 MP: 6/9
  2706 | D:3      | Learned a level 3 spell: Dazzling Flash
  2783 | D:3      | HP: 1/33 [orc priest/divine providence (9)]
  2784 | D:3      | Slain by a hobgoblin

Illustrated notes

Levels and vault maps discovered:
D:1:      dpeg_arrival_three_smaller_balls, layout_loops_corners,
          minmay_bisected
D:2:      layout_rooms, basic_ecumenical_altar, hangedman_decor_opposing
D:3:      layout_loops_ring, nicolae_gozag_conspicuous_consumption, uniq_grinder

Skill      XL: |  1  2  3  4 |
---------------+-------------+-----
Conjurations   | 4 5 |  5.4
Spellcasting   | 2 |  2.1
Dodging        | |  1.7
Stealth        | |  1.7

Action                   |  1- 3 |  4- 6 || total
-------------------------+-------+-------++-------
Melee: Staff             |    11 |       ||    11
 Cast: Magic Dart        |    62 |       ||    62
       Searing Ray       |     8 |     2 ||    10
  Use: Scroll            |     2 |       ||     2
Armor: Robe              |     4 |       ||     4
Dodge: Dodged            |    28 |     2 ||    30

Table legend: (Time is in decaauts)
 A = Elapsed time spent in this place.
 B = Non-inter-level travel time spent in this place.
 C = Inter-level travel time spent in this place.
 D = Time resting spent in this place.
 E = Time spent auto-exploring this place.
 F = Levels seen in this place.
 G = Mean time per level.
                   A        B        C        D        E       F      G
               +--------+--------+--------+--------+--------+-----+--------+
         Total |   2787 |   2677 |    110 |    343 |   2010 |   3 |  929.0 |
       Dungeon |   2787 |   2677 |    110 |    343 |   2010 |   3 |  929.0 |
               +--------+--------+--------+--------+--------+-----+--------+

Top non-repeatable levels by time:
     D:2: 1254 daAuts
     D:1: 1172 daAuts
     D:3: 360 daAuts
